 Dungeon Crawl Stone Soup version 0.31-a0-485-gaadceae713 (webtiles) character file.

Game seed: 12727959867596968809

93 Zgarb the Ruffian (level 4, 0/34 HPs)
             Began as a Demigod Shapeshifter on Aug 7, 2023.
             Slain by Ijyb the swamp drake (9 damage)
             ... on level 3 of the Dungeon.
             The game lasted 00:03:46 (1940 turns).

Zgarb the Ruffian (Demigod Shapeshifter)            Turns: 1940, Time: 00:03:46

Health: 0/34       AC:  7    Str: 20    XL:     4   Next: 14%
Magic:  15/15      EV: 10    Int: 10    God:
Gold:   92         SH:  0    Dex: 14    Spells: 3/3 levels left

rFire   . .          .
                       - Unarmed
rCold   + . .        (no shield)
rNeg    . . .        i - +1 scale mail {rC+}
rPois   .            (helmet currently unavailable)
rElec   .            (cloak currently unavailable)
rCorr   .            (gloves currently unavailable)
SInv    .            (boots currently unavailable)
Will    .....        (no amulet) Stlth
                     l - ring of magical power
HPRegen 0.25/turn    (no ring)
MPRegen 0.14/turn

%: no passive effects
@: confused, lethally poisoned (0 -> -1), beast-form, hasted, very quick
A: beast (slay +2), high MP 1, forlorn, divine attributes
a: Begin Untransformation


You were on level 3 of the Dungeon.
You were a hulking beast.
You visited 1 branch of the dungeon, and saw 3 of its levels.

You collected 92 gold pieces.

Inventory:

Missiles
 f - 3 poisoned darts (quivered)
 h - 3 boomerangs
Armour
 a - a +0 animal skin
 g - a +0 ring mail
 i - a +1 scale mail of cold resistance (worn)
 o - a +0 pair of boots
 p - a +1 pair of gloves
 r - a +2 leather armour of willpower
Jewellery
 l - a ring of magical power (left hand)
Talismans
 c - a beast talisman (active)
Wands
 j - a wand of polymorph (7)
Scrolls
 k - 3 scrolls of identify {unknown}
 m - a scroll of vulnerability {unknown}
 q - a scroll of blinking {unknown}
Potions
 b - a potion of lignification
 d - 2 potions of haste
 n - a potion of might {unknown}


   Skills:
 - Level 0.8 Fighting
 - Level 1.7 Dodging
 + Level 3.8 Unarmed Combat
 + Level 3.5 Shapeshifting


You had 3 spell levels left.
You didn't know any spells.
Your spell library contained the following spells:

 Spells                   Type           Power      Damage    Failure   Level
 Shock                    Conj/Air       0%         1d3       75%         1
 Swiftness                Air            0%         N/A       98%         3
 Airstrike                Air            0%         2d(0-16)  100%        4


Dungeon Overview and Level Annotations

Branches:
Dungeon (3/15)

Annotations:
D:2 1 runed translucent door, Crazy Yiuf
D:3 Ijyb


Innate Abilities, Weirdness & Mutations

You are a hulking beast.
Your limbs bulge with bestial killing power. (Slay +2)
You have an increased reservoir of magic. (+10% MP)
You shall have no god before yourself.
Your divine heritage dramatically boosts your attributes as you level up.


Message History

You completely miss Ijyb.
Ijyb is moderately wounded.
You are engulfed in noxious fumes.
You choke on the stench!
You are more confused.
You feel sick.
You're too confused to move!
You are engulfed in noxious fumes.
You choke on the stench!
You are more confused.
You feel sick. Ijyb bites you.
You are engulfed in noxious fumes.
You choke on the stench!
You are more confused.
Ijyb breathes poison at you.
The noxious blast engulfs you but does no damage.
You are more poisoned.
You are engulfed in noxious fumes.
You choke on the stench!
You are more confused.
You feel sick.
The bat is engulfed in noxious fumes.
The bat appears confused.
You are engulfed in noxious fumes.
You choke on the stench!
You are more confused.
You feel sick.
You bump into the rock wall.
You are engulfed in noxious fumes.
You choke on the stench!
You are more confused.
You are engulfed in noxious fumes.
You choke on the stench!
You are more confused.
You feel sick.
You feel sick.
You are no longer poisoned.
Ijyb breathes poison at you.
The noxious blast engulfs you but does no damage.
You are poisoned.
Okay, then.
You bump into the rock wall.
You are engulfed in noxious fumes.
You choke on the stench!
You are more confused.
You feel sick.
You are engulfed in noxious fumes.
You choke on the stench!
You are more confused.
You feel sick. Ijyb bites you!
You die...

#.......#
######.#####.#######
...
....................
...
...........).#####
#.# ######.#####.###
#.# ~## #.# #÷°.# #
#.# ~_# #.# #.#°#
#.####.## ~#####.##
#.#°#### ###........
........####.#°°hk###
........<#
###..........####°..#
.........#
#...........#
###.##○....!...#
#..........##
#°.).........#
#.###.######
#°...........#
##.###.####
#......<......
..........#
#.............
##.###.##.###
#............# #.#
#......# #...##.####


You could see Ijyb the swamp drake.

Vanquished Creatures
  4 worms (D:2)
  3 dart slugs
  6 ball pythons
  6 bats
  5 endoplasms
  2 giant cockroaches (D:1)
  11 goblins
  5 hobgoblins
  11 jackals
  A quokka (D:2)
  2 frilled lizards (D:2)
  4 kobolds
  5 rats
65 creatures vanquished.

Notes
Turn   | Place    | Note
-------+----------+-------------------------------------------
     0 | D:1      | Zgarb the Demigod Shapeshifter began the quest for the Orb.
     0 | D:1      | Reached XP level 1. HP: 15/15 MP: 3/3
   251 | D:1      | Reached XP level 2. HP: 21/22 MP: 4/4
   857 | D:2      | Reached XP level 3. HP: 27/27 MP: 5/5
  1156 | D:2      | Found a runed translucent door.
  1157 | D:2      | Noticed Crazy Yiuf
  1388 | D:2      | Reached XP level 4. HP: 34/34 MP: 6/6
  1573 | D:3      | Noticed Ijyb
  1922 | D:3      | Ijyb changed into Ijyb the swamp drake
  1922 | D:3      | Noticed Ijyb
  1940 | D:3      | Slain by Ijyb the swamp drake

Illustrated notes

Levels and vault maps discovered:
D:1:      heliophobic_arrival_henge, layout_basic,
          minmay_misc_feat_secret_circle, minmay_misc_feat_tiny
D:2:      cheibrodos_greedy_goblins, layout_rooms,
          hellmonk_ecumenical_altar_blasted, basic_altar,
          uniq_crazy_yiuf_cottage
D:3:      minmay_wonky_spiral, layout_basic, kennysheep_slug_shrine, uniq_ijyb

Skill      XL: |  1  2 |
---------------+-------+-----
Unarmed Combat | 3 |  3.8
Shapeshifting  | 3 |  3.5
Fighting       | |  0.8
Dodging        | |  1.7

Action                     |  1- 3 |  4- 6 || total
---------------------------+-------+-------++-------
  Melee: Unarmed           |   153 |    33 ||   186
         Punch             |     3 |     2 ||     5
  Evoke: Wand              |       |     1 ||     1
    Use: Potion            |       |     2 ||     2
   Stab: Sleeping          |     3 |       ||     3
 Armour: Animal skin       |     7 |       ||     7
         Ring mail         |     3 |       ||     3
         Scale mail        |    49 |    10 ||    59
  Dodge: Dodged            |    86 |    34 ||   120

Table legend: (Time is in decaauts)
 A = Elapsed time spent in this place.
 B = Non-inter-level travel time spent in this place.
 C = Inter-level travel time spent in this place.
 D = Time resting spent in this place.
 E = Time spent auto-exploring this place.
 F = Levels seen in this place.
 G = Mean time per level.
                   A        B        C        D        E       F      G
               +--------+--------+--------+--------+--------+-----+--------+
         Total |   1926 |   1789 |    137 |      0 |   1331 |   3 |  642.0 |
       Dungeon |   1926 |   1789 |    137 |      0 |   1331 |   3 |  642.0 |
               +--------+--------+--------+--------+--------+-----+--------+

Top non-repeatable levels by time:
     D:1: 816 daAuts
     D:2: 779 daAuts
     D:3: 330 daAuts
